 Dungeon Crawl Stone Soup version 0.27.0-1-g7a089689b8 (webtiles) character file.

Game seed: 15828360146699393714

19 Brandom the Grave Robber (level 2, -2/21 HPs)
             Began as a Merfolk Necromancer on Aug 7, 2021.
             Was a Follower of Sif Muna.
             Slain by a jackal (3 damage)
             ... on level 1 of the Dungeon.
             The game lasted 00:02:53 (1180 turns).

Brandom the Grave Robber (Merfolk Necromancer)      Turns: 1180, Time: 00:02:54

Health: -2/21      AC:  2    Str:  8    XL:     2   Next: 75%
Magic:  2/5        EV: 13    Int: 14    God:    Sif Muna [*.....]
Gold:   28         SH:  0    Dex: 14    Spells: 3/5 levels left

rFire    . . .     SeeInvis .   d - +0 whip
rCold    . . .     Faith    .   (no shield)
rNeg     . . .     Spirit   .   a - +0 robe
rPois    .         Reflect  .   (no helmet)
rElec    .         Harm     .   (no cloak)
rCorr    .         Rampage  .   (no gloves)
Will     .....                  (no boots)
Stlth    ++........             (no amulet)
HPRegen  0.07/turn              (no ring)
MPRegen  0.09/turn              (no ring)

@: attractive
A: (nimble swimmer 2), mertail
a: Renounce Religion, Channel Magic


You were on level 1 of the Dungeon.
You worshipped Sif Muna.
Sif Muna was aware of your devotion.
You visited 1 branch of the dungeon, and saw 1 of its levels.

You collected 28 gold pieces.

Inventory:

Hand Weapons
 b - a +0 dagger
   (You took it off a goblin on level 1 of the Dungeon)
 d - a +0 whip (weapon)
   (You found it on level 1 of the Dungeon)
Armour
 a - a +0 robe (worn)


   Skills:
 + Level 1.2 Fighting
 + Level 3.3 Dodging
 - Level 2.1 Stealth
 - Level 2.0 Spellcasting
 + Level 3.5 Necromancy


You had 3 spell levels left.
You knew the following spells:

 Your Spells              Type           Power      Damage    Failure   Level
a - Pain                  Necr           44%        1d6       5%          1
z - Animate Skeleton      Necr           22%        N/A       5%          1

Your spell library contained the following spells:

 Spells                   Type           Power      Damage    Failure   Level
 Vampiric Draining        Necr           5%         2d6       17%         3
 Animate Dead             Necr           5%         N/A       50%         4
 Agony                    Necr           11%        N/A       83%         5


Dungeon Overview and Level Annotations

Branches:
Dungeon (1/15)

Altars:
Sif Muna


Innate Abilities, Weirdness & Mutations

((You are quick and stealthy near water. (Stealth+, EV+, Speed+++)))
Your lower body shifts to a powerful aquatic tail in water.


Message History

You miss the jackal. The jackal closely misses you.
A kobold comes into view. It is wielding a +0 short sword.
The kobold is pulled toward you!
You hit the jackal. The jackal bites you.
* * * LOW HITPOINT WARNING * * *
The jackal bites you.
* * * LOW HITPOINT WARNING * * *
As you read the scroll labelled HUNGEH WASTOUS, it crumbles to dust.
It is a scroll of identify.
You don't have any unidentified items.
A jackal comes into view.
The jackal barely misses you. The jackal is pulled toward you!
The jackal barks!
You hit the jackal but do no damage. The jackal barely misses you.
The jackal bites you.
* * * LOW HITPOINT WARNING * * *
You hit the jackal but do no damage.
A kobold comes into view. It is wielding a +0 short sword.
The jackal completely misses you. The kobold is pulled toward you!
Unknown command.
You barely miss the jackal. The jackal barely misses you.
A ball python comes into view.
The jackal bites you.
* * * LOW HITPOINT WARNING * * *
The ball python is pulled toward you! The ball python is pulled toward you!
The kobold is pulled toward you!
Aim: a jackal (heavily wounded, chance to affect: 80%)
The jackal writhes in agony.
The ball python hisses angrily.
The kobold shouts!
The jackal bites you but does no damage.
A jackal comes into view.
The jackal barely misses you.
Aim: a jackal (heavily wounded, chance to affect: 80%)
The jackal writhes in agony.
You kill the jackal!
Sif Muna accepts your kill.
The jackal barks!
The jackal barely misses you. The ball python is pulled toward you!
Aim: a jackal (chance to affect: 80%)
The jackal writhes in agony.
You kill the jackal!
Sif Muna accepts your kill.
The jackal bites you but does no damage.
An endoplasm comes into view.
The kobold is pulled toward you! The endoplasm is pulled toward you!
The jackal barely misses you. The endoplasm is pulled toward you!
The kobold is pulled toward you! The rat is pulled toward you!
The kobold is pulled toward you! The jackal bites you.
You die...

######## #......# #########
#......# ##########.......#
###......# #.......(........#
#.......K#####................##
#>......K.rKShh@................
.#.....J#####...........######.
###.#### ############# #. .. #.
... #. ... #. .. ## # # #


You could see an endoplasm, 2 jackals, a ball python, 3 kobolds and a rat.

Vanquished Creatures
  A ball python (D:1)
  2 endoplasms (D:1)
  2 goblins (D:1)
  2 hobgoblins (D:1)
  5 jackals (D:1)
  A bat (D:1)
  A kobold (D:1)
  3 rats (D:1)
17 creatures vanquished.

Notes
Turn   | Place    | Note
-------+----------+-------------------------------------------
     0 | D:1      | Brandom the Merfolk Necromancer began the quest for the
                  | Orb.
     0 | D:1      | Reached XP level 1. HP: 13/13 MP: 3/3
   471 | D:1      | Found a faded altar of an unknown god.
   475 | D:1      | Became a worshipper of Sif Muna the Loreminder
   475 | D:1      | Reached * piety under Sif Muna
   592 | D:1      | Reached XP level 2. HP: 16/20 MP: 0/5
   723 | D:1      | Reached skill level 1 in Fighting
   957 | D:1      | Learned a level 1 spell: Animate Skeleton
  1172 | D:1      | HP: 1/21 [jackal (2)]
  1180 | D:1      | Slain by a jackal

Illustrated notes

Levels and vault maps discovered:
D:1:      dpeg_chamrin_arrival_tetris, layout_basic,
          hellmonk_ecumenical_altar_leap_of_faith

Skill      XL: |  1  2 |
---------------+-------+-----
Dodging        | 3 |  3.3
Fighting       | 1 |  1.2
Stealth        | |  2.1
Spellcasting   | |  2.0
Necromancy     | |  3.5

Action                   || total
-------------------------++-------
Melee: Unarmed           ||     8
       Dagger            ||    13
       Whip              ||    12
 Cast: Pain              ||    27
  Use: Scroll            ||     1
       Potion            ||     1
Armor: Robe              ||    13
Dodge: Dodged            ||    39
